 Dungeon Crawl Stone Soup version 0.21.1-1-g345015fe64 (webtiles) character file.

67 Ivernyr the Charmwright (level 4, 34/34 HPs)
             Began as a Demonspawn Skald on Apr 30, 2018.
             Quit the game on level 3 of the Dungeon.
             The game lasted 00:06:36 (2241 turns).

Ivernyr the Charmwright (Demonspawn Skald)          Turns: 2241, Time: 00:06:36

Health: 34/34      AC:  4    Str: 11    XL:     4   Next: 0%
Magic:  7/7        EV: 12    Int: 14    God:
Gold:   136        SH:  0    Dex: 14    Spells: 2/7 levels left

rFire    . . .     SeeInvis +   a - +0 falchion
rCold    . . .     Gourm    .   (no shield)
rNeg     . . .     Faith    .   b - +0 leather armour
rPois    .         Spirit   .   (helmet restricted)
rElec    .         Reflect  .   (no cloak)
rCorr    .         Harm     .   p - +0 pair of gloves
MR       .....                  (no boots)
Stlth    +.........             (no amulet)
HPRegen  0.11/turn              k - ring of see invisible
MPRegen  0.10/turn              (no ring)

@: no status effects
A: antennae 1, rot immunity
a: no special abilities


You were on level 3 of the Dungeon.
You were hungry.

You visited 1 branch of the dungeon, and saw 3 of its levels.

You collected 136 gold pieces.

Inventory:

Hand Weapons
 a - a +0 falchion (weapon)
Armour
 b - a +0 leather armour (worn)
 p - a +0 pair of gloves (worn)
Jewellery
 k - a ring of see invisible (left hand)
Scrolls
 e - 6 scrolls of identify {unknown}
 f - 3 scrolls of teleportation {unknown}
 h - 3 scrolls of remove curse {unknown}
 j - a scroll of enchant armour {unknown}
 m - a scroll of immolation {unknown}
 o - a scroll of magic mapping {unknown}
Potions
 g - 4 potions of curing {unknown}
 i - a potion of haste {unknown}
 l - a potion of mutation {unknown}
Books
 c - a book of Battle

   Spells                             Type                      Level
   a - Infusion                       Charms                       1
   b - Shroud of Golubria             Charms/Translocation         2
   c - Song of Slaying                Charms                       2
   d - Spectral Weapon                Hexes/Charms                 3
   e - Regeneration                   Charms/Necromancy            3
Comestibles
 d - 4 rations


   Skills:
 + Level 2.6 Fighting
 + Level 2.3 Long Blades
 * Level 2.2 Armour
 - Level 1.7 Dodging
 - Level 2.0 Spellcasting
 + Level 3.1 Charms


You had 2 spell levels left.
You knew the following spells:

 Your Spells              Type           Power        Failure   Level  Hunger
a - Shroud of Golubria    Chrm/Tloc      #.........   26%         2    ###....
b - Song of Slaying       Chrm           ##......     13%         2    ###....
c - Infusion              Chrm           ##..         9%          1    ##.....


Dungeon Overview and Level Annotations

Branches:
Dungeon (3/15)

Altars:
Qazlal


Innate Abilities, Weirdness & Mutations

You have a pair of small antennae on your head.
You are immune to rotting.


Message History

There is a stone staircase leading up here.
You completely miss the frilled lizard. The frilled lizard bites you.
You hit the frilled lizard.
You kill the frilled lizard!
You see here a frilled lizard corpse.
You butcher the frilled lizard corpse.
n - a chunk of flesh You see here a frilled lizard skeleton.
Eat a chunk of flesh? (ye/n/q)
You eat the chunk of flesh.
This raw flesh tastes terrible.
There is a stone staircase leading up here.
HP restored.
You are feeling hungry.
A ball python comes into view.
You hit the ball python.
You kill the ball python!
You have reached level 4!
You feel agile.
Your demonic ancestry asserts itself...
You feel immune to rotting.
Are you sure you want to abandon this character and quit the game? (Confirm with "yes".)

### ..# #.#
#.# #.#
#@########
#......<รท#
##########


There were no monsters in sight!

Vanquished Creatures
  An adder (D:2)
  2 oozes
  3 dart slugs
  2 leopard geckos (D:1)
  A ball python (D:3)
  A giant cockroach (D:1)
  8 goblins
  3 hobgoblins
  8 bats
  4 frilled lizards
  4 kobolds (D:1)
  7 rats
44 creatures vanquished.

Notes
Turn   | Place    | Note
-------+----------+-------------------------------------------
     0 | D:1      | Ivernyr the Demonspawn Skald began the quest for the Orb.
     0 | D:1      | Reached XP level 1. HP: 16/16 MP: 3/3
    29 | D:1      | Reached skill level 1 in Armour
    97 | D:1      | Gained mutation: You have a pair of small antennae on your head. [demonic ancestry]
    97 | D:1      | Reached XP level 2. HP: 1/22 MP: 5/5
   420 | D:1      | Learned a level 2 spell: Song of Slaying
   423 | D:1      | Learned a level 2 spell: Shroud of Golubria
   738 | D:1      | Reached XP level 3. HP: 27/28 MP: 6/6
   758 | D:1      | Reached skill level 3 in Charms
  1895 | D:2      | Found a stormy altar of Qazlal.
  2240 | D:3      | Gained mutation: You are immune to rotting. [demonic ancestry]
  2240 | D:3      | Reached XP level 4. HP: 34/34 MP: 7/7
  2241 | D:3      | Quit the game

Skill      XL: |  1  2  3 |
---------------+----------+-----
Armour         | 1 2 |  2.2
Long Blades    | 2 |  2.3
Charms         | 3 |  3.1
Fighting       | |  2.6
Dodging        | |  1.7
Spellcasting   | |  2.0

Action                   |  1- 3 |  4- 6 || total
-------------------------+-------+-------++-------
Melee: Falchion          |   113 |       ||   113
 Cast: Song of Slaying   |     1 |       ||     1
       Shroud of Golubri |     1 |       ||     1
 Stab: Sleeping          |     1 |       ||     1
  Eat: Chunk             |     4 |       ||     4
Armor: Leather armour    |    27 |       ||    27
Dodge: Dodged            |    75 |       ||    75
       Rpst.: Falchion   |    27 |       ||    27
